 Dungeon Crawl Stone Soup version 0.24.0-1-gfbc8707122 (webtiles) character file.

Game seed: 4518038798575079444, levelgen mode: deterministic

69 MTVSty1e the Skirmisher (level 4, -8/29 HPs)
             Began as a Gargoyle Fighter on Oct 28, 2019.
             Mangled by Crazy Yiuf
             ... wielding a +4 quarterstaff of chaos
              (12 damage)
             ... on level 2 of the Dungeon.
             The game lasted 00:02:05 (1461 turns).

MTVSty1e the Skirmisher (Gargoyle Fighter)          Turns: 1461, Time: 00:02:05

Health: -8/29      AC: 12    Str: 18    XL:     4   Next: 20%
Magic:  4/4        EV:  7    Int:  8    God:
Gold:   122        SH:  9    Dex:  9    Spells: 3/3 levels left

rFire    . . .     SeeInvis .   a - +0 flail
rCold    . . .     Gourm    .   c - +0 shield
rNeg     + . .     Faith    .   b - +1 scale mail
rPois    ∞         Spirit   .   (no helmet)
rElec    +         Reflect  .   (no cloak)
rCorr    .         Harm     .   (no gloves)
MR       .....                  j - +0 pair of boots
Stlth    ..........             (no amulet)
HPRegen  0.09/turn              q - -3 ring of strength (curse)
MPRegen  0.09/turn              (no ring)

@: slowed, very slow
A: negative energy resistance 1, electricity resistance, unbreathing,
petrification resistance, rot immunity, AC +3
a: no special abilities


You were on level 2 of the Dungeon.
You were not hungry.

You visited 1 branch of the dungeon, and saw 2 of its levels.

You collected 122 gold pieces.

Inventory:

Hand Weapons
 a - a +0 flail (weapon)
Armour
 b - a +1 scale mail (worn)
 c - a +0 shield (worn)
 j - a +0 pair of boots (worn)
Jewellery
 q - a cursed -3 ring of strength (left hand)
Scrolls
 h - a scroll of teleportation
 i - 2 scrolls of identify
 p - 2 scrolls of enchant armour
Potions
 d - 2 potions of might
 e - a potion of lignification {unknown}
 m - a potion of magic
 n - a potion of flight
 r - a potion of heal wounds
Comestibles
 f - 6 rations


   Skills:
 + Level 3.7 Fighting
 + Level 3.2 Maces & Flails
 + Level 3.7 Armour
 + Level 0.1 Dodging
 + Level 3.7 Shields


You had 3 spell levels left.
You didn't know any spells.
Your spell library was empty.

Dungeon Overview and Level Annotations

Branches:
Dungeon (2/15)

Altars:
Dithmenos
Qazlal

Annotations:
D:2 Crazy Yiuf


Innate Abilities, Weirdness & Mutations

You are resistant to torment.
Your stone body is resilient. (AC +3)
You are immune to poison.
You resist negative energy. (rN+)
You are resistant to electric shocks. (rElec)
You can survive without breathing.
You are immune to petrification.
You are immune to rotting.


Message History

Crazy Yiuf shouts!
You open the door.
Your shield and scale mail prevent you from hitting Crazy Yiuf.
Crazy Yiuf drinks a potion.
Crazy Yiuf seems to grow stronger.
You hit Crazy Yiuf.
Crazy Yiuf is lightly wounded.
Crazy Yiuf hits you with a +4 quarterstaff of chaos! x2
You feel yourself slow down.
You sock Crazy Yiuf!
Crazy Yiuf is severely wounded.
Crazy Yiuf hits you with a +4 quarterstaff of chaos!
* * * LOW HITPOINT WARNING * * *
You hit Crazy Yiuf.
Crazy Yiuf is severely wounded.
Crazy Yiuf grits, "Aardvark sizzlefizz infinity!"
You block Crazy Yiuf's attack. x2
You hit Crazy Yiuf.
Crazy Yiuf is almost dead.
Crazy Yiuf hits you with a +4 quarterstaff of chaos!
You die...

*#####..####
#.......
#....#
#.......
#..PP#
#.......
*********
##.P.#
##.#####
,,,,,,,,*
##.## #..#
***,***,*
##.#
####.#####
*,,**,* #.##
##........#
**+**,* ##.#
#......##.##
*,**,* #@##
##.###.##...
****,,***
*#g#* #.#
#.#####
,,,,,,,****
*...* #.#
#.#
,>,,8,,,+,**
#...# ##.#
#.#
,,,,,,,**,,*
#)..# #..#
#.#####
****,,******
##### ####
#......
*,**,**,,,,*
#######
,,**+*,,****
,***,,,**


You could see Crazy Yiuf.

Vanquished Creatures
  3 adders (D:2)
  A worm (D:2)
  A leopard gecko (D:2)
  A giant cockroach (D:1)
  7 goblins
  6 hobgoblins
  5 kobolds
  2 quokkas (D:2)
  A ball python (D:2)
  3 bats
  3 frilled lizards (D:2)
  6 rats
39 creatures vanquished.

Notes
Turn   | Place    | Note
-------+----------+-------------------------------------------
     0 | D:1      | MTVSty1e the Gargoyle Fighter began the quest for the Orb.
     0 | D:1      | Reached XP level 1. HP: 14/14 MP: 1/1
   205 | D:1      | Reached XP level 2. HP: 18/19 MP: 2/2
   771 | D:2      | Reached XP level 3. HP: 23/24 MP: 3/3
   890 | D:2      | Found a shadowy altar of Dithmenos.
  1163 | D:2      | Found a stormy altar of Qazlal.
  1300 | D:2      | Reached XP level 4. HP: 16/29 MP: 4/4
  1452 | D:2      | Found a runed translucent door.
  1453 | D:2      | Noticed Crazy Yiuf
  1461 | D:2      | Mangled by Crazy Yiuf

Levels and vault maps discovered:
D:1:      giann_wishing_wells, layout_loops_ring
D:2:      layout_loops_ring, nicolae_dithmenos_through_a_glass_darkly,
          nicolae_qazlal_general_emergency, grunt_ministairs_15,
          uniq_crazy_yiuf_cottage

Skill      XL: |  1  2  3 |
---------------+----------+-----
Maces & Flails | 3 |  3.2
Fighting       | |  3.7
Armour         | |  3.7
Dodging        | |  0.1
Shields        | |  3.7

Action                   |  1- 3 |  4- 6 || total
-------------------------+-------+-------++-------
Melee: Flail             |   182 |    22 ||   204
  Use: Scroll            |    10 |       ||    10
  Eat: Chunk             |     1 |     1 ||     2
Armor: Scale mail        |   118 |     4 ||   122
Dodge: Dodged            |    62 |     4 ||    66
Block: Shield            |    94 |     9 ||   103
